 Dungeon Crawl Stone Soup version 0.26.1-2-gb8aa6d0cf2 (webtiles) character file.

Game seed: 11968130445631078422

64500 Furzkiste the Nimble (level 15, -2/120 HPs)
             Began as a Human Fighter on Mar 5, 2021.
             Was the Champion of Wu Jian.
             Slain by a salamander
             ... wielding a +0 glaive
              (9 damage)
             ... while paralysed
             ... on level 1 of the Snake Pit on Mar 6, 2021.
             The game lasted 02:20:39 (19494 turns).

Furzkiste the Nimble (Human Fighter)               Turns: 19494, Time: 02:20:40

Health: -2/120     AC: 17    Str: 19    XL:     15   Next: 54%
Magic:  3/15       EV:  2    Int:  9    God:    Wu Jian [******]
Gold:   1751       SH:  0    Dex: 25    Spells: 11/14 levels left

rFire    . . .     SeeInvis .   S - +8 short sword of Sali {drain, *Corrode +Fly Dex+6}
rCold    . . .     Faith    .   V - +0 kite shield {AC+3}
rNeg     . . .     Spirit   .   j - +0 troll leather armour
rPois    +         Reflect  .   b - +2 helmet
rElec    .         Harm     .   n - +2 cloak
rCorr    .         Rampage  .   l - +2 pair of gloves {Dex+3}
Will     +....                  (no boots)
Stlth    +++++.....             C - amulet of regeneration
HPRegen  1.10/turn              h - ring of stealth
MPRegen  0.14/turn              E - ring of poison resistance

@: paralysed, lethally poisoned (-2 -> -3), berserk cooldown, slowed
A: no striking features
a: Renounce Religion, Evoke Flight, Wall Jump, Serpent's Lash, Heavenly Storm


You were on level 1 of the Snake Pit.
You worshipped Wu Jian.
Wu Jian was exalted by your worship.
You visited 5 branches of the dungeon, and saw 22 of its levels.

You collected 1751 gold pieces.

Inventory:

Hand Weapons
 w - a +2 short sword of holy wrath
 y - a +4 scimitar of flaming
 S - the +8 short sword of Sali (weapon) {drain, *Corrode +Fly Dex+6}
   (You found it on level 10 of the Dungeon)

   A truly terrible weapon, it drains the life of those it strikes.
   It affects your dexterity (+6).
   It lets you fly.
   It may corrode you when you take damage.
Missiles
 a - 7 silver boomerangs
 g - 599 stones
 k - 16 javelins
 t - 37 poisoned darts (quivered)
 I - a curare-tipped dart
 M - 40 boomerangs
Armour
 b - a +2 helmet (worn)
 j - a +0 troll leather armour (worn)
 l - a +2 pair of gloves of dexterity (worn)
 n - a +2 cloak (worn)
 z - a +2 leather armour of poison resistance
 G - a +2 robe of fire resistance
 H - a +0 robe of resistance
 P - a +1 ring mail of willpower
 T - a +1 ring mail of poison resistance
 V - a +0 kite shield of protection (worn)
Jewellery
 h - a ring of stealth (left hand)
 i - an uncursed amulet of reflection
 u - an uncursed ring of ice
 C - an amulet of regeneration (around neck)
 E - a ring of poison resistance (right hand)
 J - an uncursed ring of stealth
Wands
 d - a wand of disintegration (9)
 e - a wand of iceblast (7)
 o - a wand of enslavement (7)
 x - a wand of flame (18)
 U - a wand of acid (10)
 X - a wand of paralysis (9)
Scrolls
 c - a scroll of fog
 s - 11 scrolls of remove curse
 A - 5 scrolls of magic mapping
 D - 4 scrolls of identify
Potions
 m - 2 potions of resistance
 p - 3 potions of lignification
 q - 3 potions of cancellation
 r - 2 potions of haste
 v - 4 potions of curing
 B - 3 potions of attraction
 O - a potion of flight


   Skills:
 - Level 12.1 Fighting
 - Level 7.0(9.1) Short Blades
 - Level 8.9(10.0) Long Blades
 - Level 6.3 Armour
 - Level 13.4 Dodging
 - Level 6.2 Stealth
 - Level 13.2 Shields
 + Level 4.3 Evocations


You had 11 spell levels left.
You knew the following spells:

 Your Spells              Type           Power        Failure   Level
a - Summon Small Mammal   Summ           0%           52%         1
b - Apportation           Tloc           0%           52%         1
c - Animate Skeleton      Necr           0%           52%         1

Your spell library contained the following spells:

 Spells                   Type           Power        Failure   Level
 Corona                   Hex            0%           52%         1
 Magic Dart               Conj           0%           52%         1
 Call Imp                 Summ           0%           65%         2
 Searing Ray              Conj           0%           65%         2
 Call Canine Familiar     Summ           0%           87%         3
 Dazzling Flash           Conj/Hex       0%           87%         3
 Summon Guardian Golem    Hex/Summ       0%           87%         3
 Fulminant Prism          Conj/Hex       0%           99%         4
 Iskenderun's Mystic Bla  Conj/Tloc      0%           99%         4
 Summon Ice Beast         Ice/Summ       0%           99%         4
 Summon Lightning Spire   Summ/Air       0%           99%         4


Dungeon Overview and Level Annotations

Branches:
Dungeon (13/15)            Temple (1/1) D:7            Lair (6/6) D:9
  Swamp (0/4) Lair:4        Snake (1/4) Lair:3          Orc (1/2) D:12
  Slime: Lair:5-6    Vaults: D:13-14

Altars:
Dithmenos
Fedhas
Gozag
Makhleb
Nemelex Xobeh
Okawaru
Uskayaw
Vehumet
Wu Jian
Xom

Shops:
Snake:1 :

Annotations:
D:8 1 exclusion
D:12 1 runed translucent door
Lair:2 exclusion: 2 oklob plants
Lair:5 Rupert
Orc:1 Jorgrun


Message History

You kill the naga sharpshooter!
The Council accepts your kill.
You are no longer corroded.
The black mamba misses you. You block the mana viper's attack.
You are no longer berserk.
You pass out from exhaustion.
You feel yourself slow down.
You feel sick.
The salamander hits you with a +0 glaive.
You are engulfed in flames!
* * * LOW HITPOINT WARNING * * *
Found a scale mail.
The mana viper seems less drained.
The black mamba bites you but does no damage.
The mana viper bites you!
* * * LOW HITPOINT WARNING * * *
You feel your power leaking away.
The black mamba bites you but does no damage.
The salamander hits you with a +0 glaive.
* * * LOW HITPOINT WARNING * * *
You are engulfed in flames!
You die...

P≈≈≈≈ #.### ≈≈≈;≈♣##.#
P≈≈≈≈#...# ≈≈P≈≈..###
≈≈P≈♣.## ########
P≈≈♣♣.##########†(....#
≈ ♣.....>.....)†(....#
♣..#......###SS....#
≈≈..#........##@.....#
#♣..#..........N.....∩#
...##.................#
### #....!......#######
#...........#
#...........#
##........#.# ..[....


You could see a salamander, a mana viper and a black mamba.

Vanquished Creatures
  Snorg (D:10)
  Josephine (D:11)
  An anaconda (Snake:1)
  11 hydras
  2 boulder beetles
  Erica (D:11)
  A two-headed ogre (D:6)
  2 centaur warriors (D:13)
  2 naga sharpshooters (Snake:1)
  Urug (D:11)
  5 skeletal warriors
  An unseen horror (D:12)
  A naga ritualist (Snake:1)
  A deep elf mage (D:11)
  An orc knight (D:12)
  An orc sorcerer (Orc:1)
  An ugly thing (D:11)
  A mana viper (Snake:1)
  A manticore (D:11)
  2 cyclopes
  7 elephants
  Joseph (D:7)
  7 black mambas
  6 cane toads
  2 gargoyles
  A torpor snail (Lair:5)
  3 rime drakes
  A yaktaur (D:13)
  7 komodo dragons
  6 trolls
  2 polar bears (Lair:5)
  A troll (shapeshifter) (D:13)
  14 slime creatures
  11 dream sheep
  20 blink frogs
  4 flying skulls
  4 shadows
  23 yaks
  10 wraiths
  A basilisk (Lair:4)
  5 wyverns
  A human (D:11)
  A steam dragon (Lair:3)
  2 wargs
  A swamp worm (Lair:4)
  4 nagas (Snake:1)
  Duvessa (D:7)
  15 water moccasins
  A soldier ant (D:11)
  2 sky beasts
  12 orc warriors
  4 black bears
  A floating eye (Lair:2)
  4 ice beasts
  A necrophage (D:13)
  A hornet zombie (D:9)
  11 wolves
  13 ogres
  22 centaurs
  A big kobold (D:13)
  19 bullfrogs
  A gnoll sergeant (D:9)
  A wyvern zombie (D:9)
  2 water moccasin zombies (D:9)
  Dowan (D:7)
  A wyvern skeleton (D:13)
  5 scorpions
  8 killer bees
  5 wights
  4 howler monkeys
  3 bullfrog zombies
  6 hounds
  A quasit (D:12)
  7 bullfrog skeletons
  3 centaur skeletons
  13 orc priests
  5 jellies
  17 orc wizards
  An iguana (Lair:4)
  7 hell rats (Lair:3)
  11 worker ants
  A hound zombie (D:9)
  A hound skeleton (D:7)
  A howler monkey zombie (D:9)
  3 worker ant zombies
  5 gnolls (D:9)
  14 adders
  4 shadow imps
  A white imp (D:6)
  3 adder zombies (D:9)
  An adder skeleton (D:9)
  A worm (D:3)
  3 dart slugs
  A leopard gecko (D:3)
  69 orcs
  8 giant cockroaches
  13 hobgoblins
  16 jackals
  12 kobolds
  2 quokkas
  3 ball pythons
  7 bats
  4 frilled lizards
  8 goblins
  2 jackal skeletons
  A leopard gecko skeleton (D:9)
  A quokka skeleton (D:9)
  A quokka zombie (D:9)
  7 rats
586 creatures vanquished.

Vanquished Creatures (collateral kills)
  A black mamba (Lair:3)
  3 water moccasins (Lair:3)
  2 adders (Lair:3)
6 creatures vanquished.

Vanquished Creatures (others)
  A black mamba (Snake:1)
  An ice beast (D:6)
  2 orcs (D:6)
  A jackal zombie (D:6)
  31 fungi
  101 plants
137 creatures vanquished.

Grand Total: 729 creatures vanquished

Notes
Turn   | Place    | Note
-------+----------+-------------------------------------------
     0 | D:1      | Furzkiste the Human Fighter began the quest for the Orb.
     0 | D:1      | Reached XP level 1. HP: 18/18 MP: 1/1
   113 | D:1      | Reached XP level 2. HP: 24/24 MP: 2/2
   386 | D:1      | Reached XP level 3. HP: 21/29 MP: 3/3
  1336 | D:2      | Reached XP level 4. HP: 35/35 MP: 4/4
  1869 | D:2      | Found an iron altar of Okawaru.
  1984 | D:2      | Reached XP level 5. HP: 26/41 MP: 5/5
  2100 | D:3      | Reached skill level 5 in Long Blades
  2723 | D:3      | Found an ornate altar of the Wu Jian Council.
  2870 | D:4      | Reached XP level 6. HP: 40/47 MP: 6/6
  3025 | D:4      | Found a sparkling altar of Nemelex Xobeh.
  3264 | D:4      | You fall into a shaft and drop 2 floors!
  3267 | D:6      | Killed an ice beast
  3272 | D:5      | Entered Level 5 of the Dungeon
  3891 | D:5      | Reached XP level 7. HP: 52/52 MP: 7/7
  4561 | D:6      | Noticed a two-headed ogre
  4588 | D:6      | Killed a two-headed ogre
  4589 | D:6      | Reached skill level 5 in Fighting
  4589 | D:6      | Reached skill level 5 in Armour
  4589 | D:6      | Reached skill level 5 in Shields
  4589 | D:6      | Reached XP level 8. HP: 62/62 MP: 8/8
  4663 | D:6      | Reached XP level 9. HP: 68/68 MP: 9/9
  4751 | D:3      | Became a worshipper of the Wu Jian Council
  5405 | D:7      | Noticed Duvessa
  5405 | D:7      | Noticed Dowan
  5435 | D:7      | Killed Duvessa
  5440 | D:7      | Killed Dowan
  5763 | D:7      | Found a staircase to the Ecumenical Temple.
  5771 | Temple   | Entered the Ecumenical Temple
  5784 | D:7      | Noticed Joseph
  5897 | D:8      | Reached skill level 1 in Dodging
  5950 | D:8      | Reached * piety under Wu Jian
  6048 | D:8      | Reached XP level 10. HP: 77/77 MP: 10/10
  6056 | D:8      | Found a radiant altar of Vehumet.
  6709 | D:9      | Reached ** piety under Wu Jian
  6863 | D:9      | Reached skill level 5 in Dodging
  7483 | D:9      | Found a staircase to the Lair.
  7867 | D:9      | Reached XP level 11. HP: 56/84 MP: 11/11
  7887 | D:9      | Reached *** piety under Wu Jian
  7894 | D:9      | Noticed a skeletal warrior
  8002 | D:7      | HP: 5/124 [disintegration (21)]
  8003 | D:7      | Killed Joseph
  8299 | D:10     | Entered Level 10 of the Dungeon
  8419 | D:10     | Noticed Snorg
  8553 | D:10     | Got a crystal short sword
  8554 | D:10     | Identified the +8 short sword of Sali {drain, *Corrode +Fly
                  | Dex+6} (You found it on level 10 of the Dungeon)
  8605 | D:10     | Reached skill level 1 in Short Blades
  8832 | Lair:1   | Entered Level 1 of the Lair of Beasts
  8934 | Lair:1   | Noticed a boulder beetle
  9115 | Lair:1   | Reached skill level 1 in Stealth
  9189 | Lair:1   | Killed a boulder beetle
  9284 | Lair:1   | Noticed a four-headed hydra
  9294 | Lair:1   | Killed a four-headed hydra
  9593 | Lair:2   | Reached skill level 5 in Stealth
  9709 | Lair:2   | Noticed an elephant
  9716 | Lair:2   | Noticed an oklob plant
  9716 | Lair:2   | Noticed an oklob plant
  9805 | Lair:2   | Noticed an elephant
  9845 | Lair:2   | Reached XP level 12. HP: 92/92 MP: 12/12
 10096 | Lair:2   | Noticed a boulder beetle
 10108 | Lair:2   | Reached skill level 5 in Short Blades
 10129 | Lair:2   | Killed a boulder beetle
 10350 | Lair:2   | Noticed a four-headed hydra
 10360 | Lair:2   | Killed a four-headed hydra
 10568 | Lair:2   | Reached **** piety under Wu Jian
 11026 | Lair:3   | Noticed an eight-headed hydra
 11034 | Lair:3   | Killed an eight-headed hydra
 11144 | Lair:3   | Found a staircase to the Snake Pit.
 11153 | Lair:3   | Reached XP level 13. HP: 101/101 MP: 13/13
 11336 | Lair:3   | Noticed a seven-headed hydra
 11347 | Lair:3   | Killed a seven-headed hydra
 11356 | Lair:3   | Learned a level 1 spell: Summon Small Mammal
 11475 | Lair:3   | Noticed a seven-headed hydra
 11546 | Lair:3   | Killed a seven-headed hydra
 11547 | Lair:3   | Reached skill level 10 in Shields
 12199 | Snake:1  | Entered Level 1 of the Snake Pit
 12219 | Lair:4   | Noticed a five-headed hydra
 12222 | Lair:4   | Killed a five-headed hydra
 12284 | Lair:4   | Reached ***** piety under Wu Jian
 12432 | Lair:3   | Reached skill level 10 in Dodging
 12480 | Lair:4   | Noticed a six-headed hydra
 12487 | Lair:4   | Killed a six-headed hydra
 12885 | Lair:4   | Noticed a six-headed hydra
 12903 | Lair:4   | Killed a six-headed hydra
 12958 | Lair:4   | Noticed a five-headed hydra
 12989 | Lair:4   | Killed a five-headed hydra
 13078 | Lair:4   | Found a staircase to the Swamp.
 13967 | D:10     | Killed Snorg
 14190 | D:11     | Reached XP level 14. HP: 109/109 MP: 14/14
 14218 | D:11     | Reached skill level 10 in Fighting
 14299 | D:11     | Noticed Josephine
 14940 | Lair:5   | Found a runed translucent door.
 15052 | Lair:5   | Noticed Rupert
 15139 | Lair:4   | Reached ****** piety under Wu Jian
 15286 | Lair:6   | Entered Level 6 of the Lair of Beasts
 15492 | D:11     | Found a shimmering altar of Xom.
 15834 | D:11     | Noticed Erica
 15838 | D:11     | Killed Erica
 15981 | D:11     | Noticed Urug
 15984 | D:11     | Killed Urug
 16187 | D:11     | Killed Josephine
 16542 | D:9      | Got a crystal halberd
 16543 | D:9      | Identified the +7 halberd of Dissatisfaction {vorpal, Str-4
                  | Int+5} (You found it on level 9 of the Dungeon)
 16960 | D:12     | Found a staircase to the Orcish Mines.
 17362 | D:12     | Reached XP level 15. HP: 119/119 MP: 15/15
 17383 | D:12     | Learned a level 1 spell: Apportation
 17385 | D:12     | Learned a level 1 spell: Animate Skeleton
 17398 | D:12     | Found a runed translucent door.
 17400 | D:12     | Noticed a tengu reaver
 17403 | D:12     | Identified the cursed +1 great sword "Jauzywim" {flame,
                  | +Rage Dex+3}
 17440 | D:12     | Found a burning altar of Makhleb.
 17798 | Orc:1    | Entered Level 1 of the Orcish Mines
 18148 | Orc:1    | Noticed Jorgrun
 19069 | D:13     | Noticed a storm dragon
 19388 | Snake:1  | Reached skill level 1 in Evocations
 19436 | Snake:1  | Found Fesh's Book Shop.
 19494 | Snake:1  | Slain by a salamander

Illustrated notes

Levels and vault maps discovered:
D:1:      sevenhm_arrival_forest_fort_large_2, layout_basic, st_stairs_11
D:2:      layout_loops_ring, nicolae_overflow_crystal_walls, roderic_lattice_a
D:3:      layout_rooms, nzn_wu_jian_council_hall
D:4:      layout_loops_ring, kennysheep_mini_moat
D:5:      layout_loops_ring, hex_large
D:6:      minmay_diamond_boxcup, layout_cave_pools, lemuel_flamethrower_2
D:7:      layout_rooms, temple_fountains, uniq_joseph, uniq_duvessa
D:8:      layout_rooms, lemuel_coloured_pillars_altar, due_unseen_surprise
D:9:      hangedman_screamer, layout_basic, grunt_lair_entry_orc_guard_hut
D:10:     layout_roguey, kennysheep_decorative_pillar, kennysheep_nondescript,
          uniq_snorg
D:11:     layout_irregular_city, brannock_xom_greatest_gift, uniq_erica,
          uniq_josephine, uniq_urug
D:12:     layout_big_octagon, erik_orc_4, kennysheep_flooded_box,
          kennysheep_treasure_room
D:13:     nzn_winding_woodlands_large [nzn_winding_woodlands_hourglass,
          nzn_winding_woodlands_5x15_river_crossing,
          nzn_winding_woodlands_5x5_three, nzn_winding_woodlands_center_garden,
          nzn_winding_woodlands_15x15_five_gardens,
          nzn_winding_woodlands_center_lodge,
          nzn_winding_woodlands_5x5_open_star,
          nzn_winding_woodlands_5x15_lazy_stream,
          nzn_winding_woodlands_5x5_checkerboard], layout_long_grid
Temple:   hc_temple_tempest_star
Lair:1:   layout_chaotic_city, chequers_serial_rivers_micro_a,
          nzn_sisyphean_effort, grunt_megastairs_4, lemuel_fruit_tree,
          infiniplex_staircase_pool_2
Lair:2:   layout_gridlike, disabler_island, serial_bayou_shore_b
Lair:3:   layout_layer_cave, minmay_snake_entry_six_corridors
Lair:4:   layout_loops_ring, palyth_hydra_swamp_entry, serial_bayou_shore_b
Lair:5:   layout_regular_city, pf_torpor_hydra, uniq_rupert
Lair:6:   minmay_lair_end_frog_pond, layout_loops_ring, slime_dummy
Snake:1:  layout_rooms, serial_shops, shop, serial_bayou_ford_a,
          grunt_ministairs_14
Orc:1:    layout_caves, uniq_jorgrun

Skill      XL: |  1  2  3  4  5  6  7  8  9 10 11 12 13 14 15 |
---------------+----------------------------------------------+-----
Long Blades    | 3 4 5 6 7 8 |  8.9
Armour         | 5 6 |  6.3
Shields        | 5 6 8 9 11 12 13 | 13.2
Fighting       | 5 6 7 9 11 12 | 12.1
Dodging        | 1 5 6 8 11 12 13 | 13.4
Short Blades   | 4 7 |  7.0
Stealth        | 6 |  6.2
Evocations     | 4 |  4.3

Action                   |  1- 3 |  4- 6 |  7- 9 | 10-12 | 13-15 || total
-------------------------+-------+-------+-------+-------+-------++-------
Melee: Long sword        |   100 |   172 |   263 |   478 |       ||  1013
       Short sword       |       |       |       |   383 |  1585 ||  1968
       Scimitar          |       |       |       |       |   102 ||   102
Throw: Dart              |       |     8 |    17 |    50 |     9 ||    84
       Stone             |       |       |    13 |     1 |       ||    14
       Boomerang         |       |       |       |     7 |     6 ||    13
Invok: Lunge             |       |       |     5 |    26 |    77 ||   108
       Whirlwind         |       |       |     3 |   109 |   342 ||   454
       Serpent's Lash    |       |       |       |       |     1 ||     1
 Abil: Wall Jump         |       |       |       |     2 |     1 ||     3
Evoke: Wand              |       |       |     2 |     2 |     5 ||     9
  Use: Scroll            |       |     8 |     9 |     9 |    15 ||    41
       Potion            |       |       |     2 |    11 |     3 ||    16
 Stab: Sleeping          |     1 |     9 |     2 |    10 |    38 ||    60
       Distracted        |       |       |       |     2 |     4 ||     6
Armor: Scale mail        |    22 |       |       |       |       ||    22
       Troll leather arm |    21 |    64 |    82 |   160 |   162 ||   489
       Skin              |       |       |       |     3 |       ||     3
Dodge: Dodged            |    32 |    71 |   134 |   344 |   773 ||  1354
Block: Kite shield       |    28 |       |     7 |   469 |   801 ||  1305
       Buckler           |    11 |    42 |    55 |       |       ||   108
       Rpst.: Long sword |     9 |    19 |    51 |    44 |       ||   123
       Scimitar          |       |       |       |       |    15 ||    15
